Map: Defender's Landing LE

Players

Scarlett

  • Race: Zerg Zerg
  • Spawn Location: 7:00

Serral - Winner!

  • Race: Zerg Zerg
  • Spawn Location: 1:00

Event: WCS Jonkoping 2017

VOD

Have the link to the VOD?

Description

Time

  • Played on: June 17, 2017, 2:28 p.m.
  • Length: 9:17

All games in this series

Show
View Real Time Build Order
Export as new Build Order

Scarlett Zerg 

Build Orders: 3 Hatch before Pool 

Get SALT Encoding   

  12  0:01  Drone  
  13  0:12  Overlord  
  13  0:18  Drone  
  14  0:31  Drone x2  
  16  0:37  Drone  
  17  0:47  Drone  
  18  0:55  Hatchery  
  17  0:58  Drone  
  18  1:06  Drone  
  19  1:20  Hatchery  
  19  1:22  Extractor  
  18  1:25  Drone  
  18  1:39  Spawning Pool  
  17  1:41  Drone  
  17  1:46  Drone  
  19  1:57  Drone  
  20  2:03  Overlord  
  20  2:10  Drone  
  21  2:22  Drone x2  
  23  2:25  Zergling x2  
  23  2:26  Queen  
  23  2:27  Metabolic Boost  
  26  2:31  Zergling x2  
  26  2:32  Drone  
  26  2:36  Drone  
  29  2:43  Queen  
  31  2:48  Drone x2  
  33  2:52  Drone  
  34  2:59  Queen  
  34  3:00  Drone  
  37  3:06  Overlord  
  37  3:07  Drone  
  37  3:09  Drone  
  39  3:20  Zergling x6  
  39  3:23  Overlord  
  41  3:30  Baneling Nest  
  41  3:31  Zergling x2  
  40  3:44  Zergling x2  
  40  3:45  Zergling x16  
  50  3:55  Zergling x2  
  50  3:56  Overlord  
  50  4:07  Overlord  
  50  4:14  Baneling x7  
  50  4:16  Drone  
  53  4:17  Drone x5  
  53  4:23  Overlord  
  56  4:24  Drone x3  
  56  4:26  Overlord  
  56  4:42  Zergling x10  
  56  4:43  Drone  
  56  4:44  Drone x4  
  65  4:46  Extractor  
  65  4:50  Roach Warren  
  63  4:54  Drone x3, Overlord  
  65  5:06  Zergling x6  
  67  5:09  Zergling x6  
  69  5:16  Baneling x2  
  69  5:20  Extractor  
  69  5:21  Zergling x10  
  69  5:25  Overlord  
  67  5:30  Roach  
  67  5:31  Roach x6  
  80  5:37  Roach x2  
  80  5:42  Roach  
  84  5:53  Zergling x2, Roach x3  
  84  5:54  Zergling x12  
  96  6:02  Overlord  
  96  6:08  Baneling  
  96  6:09  Baneling x3  
  96  6:11  Zergling x2  
  96  6:12  Overlord  
  96  6:21  Extractor  
  93  6:27  Drone x13  
  103  6:33  Evolution Chamber  
  103  6:36  Drone x2  
  103  6:40  Drone x2  
  103  6:41  Drone  
  104  6:48  Overlord  
  104  6:49  Drone x2  
  106  6:55  Overlord  
  106  6:56  Overlord x2  
  102  7:08  Lair  
  102  7:09  Zerg Missile Weapons Level 1  
  102  7:10  Drone x6  
  102  7:15  Evolution Chamber, Drone x2  
  109  7:23  Drone x3  
  109  7:26  Extractor  
  109  7:27  Drone  
  112  7:37  Drone  
  112  7:41  Roach  
  112  7:42  Roach x6  
  126  7:48  Hatchery  
  126  7:49  Overlord  
  126  7:50  Overlord  
  125  7:58  Overlord  
  125  8:03  Drone x3  
  125  8:04  Extractor  
  127  8:11  Drone  
  127  8:12  Drone x10  
  131  8:19  Roach x4  
  139  8:23  Unknown  
  139  8:27  Roach x3  
  139  8:33  Roach, Hydralisk Den  
  139  8:34  Roach  
  148  8:36  Ravager x4  
  148  8:39  Roach  
  139  8:42  Roach x2  
  139  8:45  Roach  
  139  8:48  Roach x2  
  149  8:52  Roach x2  
  149  8:53  Roach  
Show
View Real Time Build Order
Export as new Build Order

Serral Zerg - Winner!

Build Orders: Pool First, Zergling Baneling 

Get SALT Encoding   

  12  0:00  Drone  
  13  0:13  Overlord  
  13  0:17  Drone  
  14  0:31  Drone x2  
  14  0:34  Drone  
  17  0:45  Spawning Pool  
  17  0:49  Drone  
  17  1:10  Hatchery  
  16  1:12  Drone  
  16  1:18  Extractor  
  16  1:23  Drone  
  17  1:32  Queen  
  17  1:34  Zergling x2  
  17  1:37  Overlord  
  20  1:44  Drone  
  21  1:53  Drone  
  22  2:08  Queen  
  22  2:12  Drone x2  
  26  2:18  Metabolic Boost  
  26  2:21  Queen  
  26  2:22  Zergling x2  
  29  2:28  Drone  
  30  2:40  Drone x2  
  32  2:45  Overlord  
  32  2:46  Drone x2  
  32  2:47  Drone  
  32  2:50  Drone  
  36  3:05  Baneling Nest, Drone x3  
  37  3:23  Hatchery, Drone x2  
  37  3:26  Drone x2  
  40  3:30  Zergling x4  
  42  3:35  Overlord  
  42  3:46  Zergling x4  
  44  3:52  Overlord  
  44  3:54  Zergling x4  
  44  3:55  Zergling x4  
  48  3:57  Baneling x2  
  48  4:02  Baneling x2  
  48  4:08  Roach Warren  
  48  4:09  Zergling x10  
  52  4:10  Baneling x4  
  51  4:18  Drone x3  
  51  4:20  Drone  
  55  4:32  Overlord  
  55  4:34  Baneling x2, Overlord  
  55  4:35  Drone x3  
  55  4:37  Drone x2  
  55  4:38  Drone  
  60  4:39  Drone  
  60  4:42  Drone  
  62  4:46  Extractor x2  
  62  4:52  Drone x3  
  63  4:59  Drone, Overlord  
  63  5:02  Drone  
  63  5:09  Drone  
  63  5:10  Drone  
  63  5:11  Drone  
  63  5:12  Drone  
  66  5:16  Overlord  
  66  5:20  Roach x4  
  73  5:26  Roach  
  74  5:29  Roach  
  74  5:35  Roach x2  
  80  5:42  Roach x2  
  83  5:52  Roach x2  
  83  5:53  Roach x2  
  83  5:56  Zergling x6  
  83  5:57  Zergling x6  
  95  5:59  Extractor  
  94  6:04  Zergling x8  
  94  6:09  Overlord x2  
  98  6:15  Overlord  
  98  6:17  Baneling x3  
  98  6:18  Baneling x2, Overlord  
  98  6:28  Drone x2  
  98  6:29  Drone  
  98  6:30  Overlord  
  98  6:32  Evolution Chamber, Drone x5  
  104  6:34  Lair  
  104  6:35  Drone x3  
  104  6:36  Drone  
  107  6:43  Roach x5  
  115  6:48  Baneling x3, Spine Crawler  
  115  6:51  Roach  
  115  6:53  Spine Crawler  
  115  6:58  Roach x3  
  115  7:00  Zerg Missile Weapons Level 1  
  121  7:02  Overlord  
  116  7:09  Baneling x4  
  116  7:14  Drone x2  
  116  7:15  Extractor, Drone x2  
  119  7:18  Drone x4  
  119  7:20  Extractor  
  123  7:28  Hatchery  
  122  7:30  Overlord  
  122  7:36  Baneling x2  
  122  7:37  Glial Reconstitution  
  121  7:48  Overseer  
  121  7:49  Spire  
  120  7:54  Roach  
  120  7:55  Roach x6  
  134  8:02  Overlord  
  134  8:03  Roach  
  134  8:04  Roach x5  
  146  8:10  Roach x4  
  153  8:17  Overlord x2  
  153  8:20  Overlord  
  153  8:28  Overlord  
  153  8:32  Roach  
  153  8:33  Roach x3  
  161  8:40  Roach  
  176  8:41  Roach x9  
  182  8:55  Roach  
  184  8:56  Roach x4  
Tags
 
Add a new tag
Caveats
  • Supply blocks, unpowered buildings, or Contaminate may cause inaccurate times.
  • Supply counts are checked every 10 seconds.